AoeStats
← 大草原畜牧

Arena

508157018Analyzed
4v4 RM · 12d ago on Sep 21, 2026· 40m 1s· 8 players
Game mode
Random Map
Map size
Large (8 player)
Population
200
Speed
Normal
Resources
Standard
Victory
Conquest
Starting age
Dark Age
Ending age
Imperial Age
RankedLock teamsTeams togetherTeam positionsShared explorationLock speedFull tech treeHidden civsTurbo modeCheats
Victory
Defeat
🇨🇳 Turks · China
1059
+15
🇹🇼 Spanish · Taiwan
1026
+16
🇨🇳 Franks · China
1007
+17
🇮🇩 Mongols · Indonesia
990
+17
🇺🇸 Spanish · United States
1067
-18
🇺🇸 Byzantines · United States
1036
-17
🇨🇦 Poles · Canada
1000
-15
🇦🇺 Bohemians · Australia
997
-15
MaxC
11:00 Feudal Age
9:17 Loom
16:03 Castle Age
14:27 Double-Bit Axe
15:25 Scale Barding Armor
15:18 Horse Collar
15:31 Gold Mining
17:08 Bow Saw
19:23 Wheelbarrow
19:55 Scale Barding Armor
21:45 Stone Mining
23:23 Forging
26:27 Chain Barding Armor
26:26 Heavy Plow
30:57 Imperial Age
29:00 Hand Cart
29:08 Bloodlines
30:03 Iron Casting
30:45 Padded Archer Armor
30:56 Fletching
31:23 Husbandry
32:05 Conscription
31:11 Cavalier
33:18 Two-Man Saw
32:57 Stone Shaft Mining
33:11 Plate Barding Armor
35:27 Blast Furnace
34:43 Leather Archer Armor
34:08 Elite Conquistador
大草原畜牧
10:30 Feudal Age
14:40 Castle Age
12:55 Double-Bit Axe
16:11 Wheelbarrow
15:49 Bow Saw
21:52 Hand Cart
24:21 Gold Mining
28:05 Imperial Age
26:43 Scale Barding Armor
26:48 Forging
27:32 Gold Shaft Mining
27:31 Husbandry
27:54 Chain Barding Armor
27:39 Stone Mining
29:37 Iron Casting
28:27 Cavalier
28:33 Cavalier
30:54 Plate Barding Armor
31:41 Blast Furnace
30:29 Loom
31:01 Paladin
32:09 Conscription
32:12 Stone Mining
33:30 Chemistry
33:32 Scale Mail Armor
34:29 Chain Mail Armor
35:29 Siege Engineers
36:22 Chivalry
39:34 Onager
五彩斑斓的黑
11:03 Feudal Age
15:03 Castle Age
13:12 Horse Collar
13:53 Double-Bit Axe
19:32 Heavy Plow
19:48 Bow Saw
24:41 Imperial Age
21:58 Loom
23:12 Ballistics
25:19 Wheelbarrow
26:53 Fletching
39:59 Wheelbarrow
39:16 Town Watch
Cinta Mama
10:59 Feudal Age
12:28 Wheelbarrow
15:36 Castle Age
14:17 Double-Bit Axe
14:51 Horse Collar
15:46 Gold Mining
18:46 Stone Mining
18:52 Loom
27:11 Heavy Plow
27:27 Bow Saw
27:07 Town Watch
28:02 Gold Shaft Mining
28:14 Stone Shaft Mining
32:15 Imperial Age
30:01 Hand Cart
31:43 Forging
31:38 Scale Barding Armor
32:50 Fortified Wall
32:51 Masonry
32:26 Capped Ram
33:54 Iron Casting
33:40 Chain Barding Armor
33:35 Squires
32:55 Pikeman
33:59 Husbandry
34:10 Bloodlines
33:20 Light Cavalry
34:37 Siege Ram
36:32 Blast Furnace
35:35 Scale Mail Armor
36:33 Drill
36:35 Conscription
36:20 Hussar
37:56 Nomads
38:38 Hoardings
1. d4
10:49 Feudal Age
12:13 Loom
15:14 Castle Age
13:48 Horse Collar
17:26 Double-Bit Axe
22:27 Heavy Plow
24:02 Wheelbarrow
25:28 Bow Saw
27:30 Hand Cart
30:25 Imperial Age
29:45 Forging
29:41 Scale Barding Armor
29:59 Husbandry
30:10 Bloodlines
30:38 Cavalier
32:01 Iron Casting
31:46 Chain Barding Armor
31:17 Fletching
33:42 Blast Furnace
35:25 Plate Barding Armor
Fran Miami
10:55 Feudal Age
18:47 Loom
21:34 Castle Age
22:59 Horse Collar
22:47 Pikeman
27:55 Heavy Plow
27:42 Double-Bit Axe
27:55 Gold Mining
29:36 Crossbowman
31:21 Forging
31:01 Fletching
31:50 Wheelbarrow
32:36 Fortified Wall
34:50 Gold Shaft Mining
34:28 Thumb Ring
34:33 Squires
36:00 Treadmill Crane
41:13 Imperial Age
40:49 Ballistics
40:42 Bow Saw
crabjuice
3:48 Loom
10:51 Feudal Age
12:48 Wheelbarrow
12:56 Horse Collar
16:23 Castle Age
14:21 Double-Bit Axe
16:16 Stone Mining
17:54 Stone Shaft Mining
18:09 Bow Saw
22:06 Squires
23:49 Pikeman
24:42 Forging
26:50 Szlachta Privileges
27:28 Iron Casting
27:25 Heavy Plow
27:39 Husbandry
27:49 Bloodlines
28:05 Scale Barding Armor
31:31 Imperial Age
31:03 Treadmill Crane
31:34 Fortified Wall
31:54 Cavalier
34:50 Chemistry
34:20 Chain Barding Armor
Admw
11:37 Feudal Age
12:19 Double-Bit Axe
12:25 Double-Bit Axe
15:11 Castle Age
13:03 Double-Bit Axe
13:32 Horse Collar
16:22 Bow Saw
17:59 Heavy Plow
22:55 Wheelbarrow
24:14 Loom
24:17 Town Watch
27:57 Imperial Age
26:38 Chemistry
27:11 Pikeman
27:52 Scale Mail Armor
28:02 Forging
28:52 Siege Engineers
29:54 Two-Man Saw
31:21 Hand Cart
Connection lost

Rejoining the realm…

Still unreachable

The connection could not be restored.

Session expired

The server has moved on; the page needs a fresh start.